 Dungeon Crawl Stone Soup version 0.22.0-75-g3901e7991e (webtiles) character file.

148 Revguard the Charmwright (level 5, -4/39 HPs)
             Began as a Demonspawn Skald on Sept 15, 2018.
             Killed by nerve-wracking pain
             ... invoked by Grinder
              (6 damage)
             ... on level 3 of the Dungeon.
             The game lasted 00:07:13 (2086 turns).

Revguard the Charmwright (Demonspawn Skald)         Turns: 2086, Time: 00:07:17

Health: -4/39      AC:  4    Str: 13    XL:     5   Next: 8%
Magic:  0/8        EV: 12    Int: 17    God:
Gold:   168        SH:  0    Dex: 12    Spells: 2/8 levels left

rFire    . . .     SeeInvis .   a - +0 falchion
rCold    . . .     Gourm    .   (no shield)
rNeg     . . .     Faith    .   b - +0 leather armour
rPois    .         Spirit   .   (no helmet)
rElec    .         Reflect  .   (no cloak)
rCorr    +         Harm     +   e - +0 pair of gloves
MR       .....                  (no boots)
Stlth    +.........             i - amulet of harm
HPRegen  0.13/turn              h - +3 ring of intelligence
MPRegen  0.11/turn              l - ring of resist corrosion

@: infused
A: talons 1
a: no special abilities


You were on level 3 of the Dungeon.
You were not hungry.

You visited 1 branch of the dungeon, and saw 3 of its levels.

You collected 168 gold pieces.

Inventory:

Hand Weapons
 a - a +0 falchion (weapon)
Armour
 b - a +0 leather armour (worn)
 e - a +0 pair of gloves (worn)
Jewellery
 g - an uncursed amulet of guardian spirit {unknown}
 h - a +3 ring of intelligence (left hand)
 i - an amulet of harm (around neck)
 l - a ring of resist corrosion (right hand)
Scrolls
 c - a scroll of fog {unknown}
 k - a scroll of fear {unknown}
 m - a scroll of blinking {unknown}
 n - 2 scrolls of enchant weapon {unknown}
 r - a scroll of teleportation {unknown}
 s - a scroll of magic mapping {unknown}
 t - a scroll of amnesia {unknown}
Potions
 f - a potion of flight
 j - a potion of haste
 o - a potion of curing
 p - a potion of resistance {unknown}
 q - 2 potions of brilliance
Comestibles
 d - 5 rations


   Skills:
 + Level 2.7 Fighting
 + Level 2.7 Long Blades
 * Level 2.3 Armour
 + Level 2.4 Dodging
 + Level 2.1 Spellcasting
 + Level 3.0 Charms
 * Level 1.2 Necromancy


You had 2 spell levels left.
You knew the following spells:

 Your Spells              Type           Power        Failure   Level  Hunger
a - Infusion              Chrm           ##..         7%          1    #......
b - Song of Slaying       Chrm           ##......     11%         2    ###....
c - Regeneration          Chrm/Necr      #.........   30%         3    ###....

Your spell library contained the following spells:

 Spells                   Type           Power        Failure   Level  Hunger
 Shroud of Golubria       Chrm/Tloc      #.........   21%         2    ###....
 Spectral Weapon          Hex/Chrm       #.......     36%         3    ###....


Dungeon Overview and Level Annotations

Branches:
Dungeon (3/15)

Altars:
Dithmenos
Kikubaaqudgha
Trog
The Shining One

Annotations:
D:3 Grinder


Innate Abilities, Weirdness & Mutations

You have sharp toenails.


Message History

You hit Grinder but do no damage. You claw Grinder, but do no damage.
Grinder is heavily wounded.
Grinder hits you.
You writhe in agony.
You hit Grinder. Your kick misses Grinder.
Grinder is heavily wounded.
Grinder closely misses you.
Casting: Regeneration (safe; 30% risk of failure)
Confirm with . or Enter, or press ? or * to list all spells.
You begin infusing your attacks with magical energy.
Grinder closely misses you.
You hit Grinder.
Grinder is severely wounded.
Grinder misses you.
You hit Grinder. Your kick misses Grinder.
Grinder is severely wounded.
Grinder hits you!
* * * LOW HITPOINT WARNING * * *
Grinder gestures at you. Pain shoots through your body!
You die...

........................###......
.......................####.#####
............................#
..............#####........###
.............## ##.....#...#
............## #.......##.#
.......#...## #....###.##.#
...##......# ####....# #.#..#
...........# #..@5...# ##.#.##
†....#.#...###.#...### #....#
.......#...##..#.### ##...##
.#............##.# ##...##
.....#.......###.#####...########
.#..##..####.....##......# #.....
.#.............#.#..###.## #.....
....#...(..##....#.## #.# ##.....
..#.#...##..###......##.###......


You could see Grinder.

Vanquished Creatures
  A worker ant zombie (D:3)
  6 adders
  2 oozes
  2 worms (D:2)
  3 dart slugs
  A leopard gecko (D:2)
  An orc (D:3)
  6 giant cockroaches
  3 goblins
  7 hobgoblins
  6 jackals (D:3)
  A ball python (D:3)
  4 bats
  4 frilled lizards
  9 kobolds
  7 rats
63 creatures vanquished.

Notes
Turn   | Place    | Note
-------+----------+-------------------------------------------
     0 | D:1      | Revguard the Demonspawn Skald began the quest for the Orb.
     0 | D:1      | Reached XP level 1. HP: 16/16 MP: 3/3
    15 | D:1      | Reached skill level 1 in Armour
    39 | D:1      | Gained mutation: You have sharp toenails. [demonic
                  | ancestry]
    39 | D:1      | Reached XP level 2. HP: 22/22 MP: 5/5
    84 | D:1      | Reached skill level 3 in Charms
   348 | D:1      | Reached XP level 3. HP: 25/27 MP: 2/6
   352 | D:1      | Learned a level 2 spell: Song of Slaying
   356 | D:1      | Learned a level 3 spell: Regeneration
   569 | D:2      | Found a shadowy altar of Dithmenos.
   611 | D:2      | Found a bloodstained altar of Trog.
   765 | D:2      | Found an ancient bone altar of Kikubaaqudgha.
   930 | D:2      | Found a glowing golden altar of the Shining One.
  1069 | D:2      | Reached XP level 4. HP: 29/33 MP: 7/7
  1603 | D:3      | Reached skill level 1 in Necromancy
  2041 | D:3      | Reached XP level 5. HP: 28/39 MP: 0/8
  2069 | D:3      | Noticed Grinder
  2086 | D:3      | Killed from afar by Grinder

Skill      XL: |  1  2  3  4 |
---------------+-------------+-----
Armour         | 1 2 |  2.3
Long Blades    | 2 |  2.7
Charms         | 3 |  3.0
Dodging        | 2 |  2.4
Necromancy     | 1 |  1.2
Fighting       | |  2.7
Spellcasting   | |  2.1

Action                   |  1- 3 |  4- 6 || total
-------------------------+-------+-------++-------
Melee: Falchion          |    72 |    69 ||   141
       Kick              |    21 |    21 ||    42
 Cast: Infusion          |     2 |     4 ||     6
       Song of Slaying   |       |     1 ||     1
       Regeneration      |       |     1 ||     1
  Use: Scroll            |       |     4 ||     4
  Eat: Ration            |       |     1 ||     1
       Chunk             |       |     1 ||     1
Armor: Leather armour    |    32 |    24 ||    56
Dodge: Dodged            |    73 |    51 ||   124
       Rpst.: Falchion   |    28 |    21 ||    49
